 Dungeon Crawl Stone Soup version 0.26.0-10-g1f06aea511 (webtiles) character file.

Game seed: 8473837015557507469

172 Borgoz the Ducker (level 5, -2/45 HPs)
             Began as a Ghoul Gladiator on Jan 15, 2021.
             Slain by a gnoll
             ... wielding a +0 halberd
              (12 damage)
             ... on level 2 of the Dungeon.
             The game lasted 00:02:05 (1673 turns).

Borgoz the Ducker (Ghoul Gladiator)                 Turns: 1673, Time: 00:02:06

Health: -2/45      AC:  4    Str: 18    XL:     5   Next: 52%
Magic:  4/4        EV: 13    Int:  3    God:
Gold:   36         SH:  0    Dex: 11    Spells: 4/4 levels left

rFire    . . .     SeeInvis .   a - +0 long sword
rCold    + . .     Faith    .   (no shield)
rNeg     + + +     Spirit   .   b - +0 leather armour
rPois    ∞         Reflect  .   c - +0 helmet
rElec    .         Harm     .   (no cloak)
rCorr    .         Rampage  .   (no gloves)
Will     .....                  (no boots)
Stlth    +.........             (no amulet)
HPRegen  0.00/turn              (no ring)
MPRegen  0.09/turn              (no ring)

@: no status effects
A: claws 1, cold resistance 1, negative energy resistance 3, inhibited
regeneration, torment resistance, unbreathing
a: no special abilities


You were on level 2 of the Dungeon.
You visited 1 branch of the dungeon, and saw 2 of its levels.

You collected 36 gold pieces.

Inventory:

Hand Weapons
 a - a +0 long sword (weapon)
Missiles
 d - 3 throwing nets (quivered)
Armour
 b - a +0 leather armour (worn)
 c - a +0 helmet (worn)
Scrolls
 g - a scroll of teleportation {unknown}
 h - a scroll of blinking {unknown}
 i - 2 scrolls of identify {unknown}
 k - 3 scrolls of fog {unknown}
 l - a scroll of remove curse {unknown}
 m - a scroll of immolation {unknown}
Potions
 j - a potion of degeneration {unknown}


   Skills:
 + Level 3.1 Fighting
 * Level 3.8 Long Blades
 - Level 1.7 Throwing
 + Level 1.5 Armour
 * Level 3.8 Dodging


You had 4 spell levels left.
You didn't know any spells.
Your spell library was empty.

Dungeon Overview and Level Annotations

Branches:
Dungeon (2/15)

Altars:
Kikubaaqudgha


Innate Abilities, Weirdness & Mutations

You thrive by killing the living.
You are immune to poison.
You have sharp fingernails.
Your flesh is cold resistant. (rC+)
You are immune to negative energy. (rN+++)
You do not regenerate when monsters are visible.
You are immune to unholy pain and torment.
You can survive without breathing.


Message History

You closely miss the gnoll.
The gnoll is moderately wounded.
The gnoll hits you but does no damage.
The gnoll hits you from afar with a +0 spear.
* * * LOW HITPOINT WARNING * * *
The gnoll closely misses you.
You riposte.
You closely miss the gnoll.
The gnoll is moderately wounded.
You hit the gnoll.
The gnoll is severely wounded.
The gnoll hits you from afar with a +0 spear.
* * * LOW HITPOINT WARNING * * *
The gnoll hits you with a +0 halberd!
* * * LOW HITPOINT WARNING * * *
Unknown command.
It was a potion of curing.
You feel better. The gnoll hits you but does no damage.
You hit the gnoll.
The gnoll is almost dead.
The gnoll hits you with a +0 halberd!
You die...

############ ..#
#........... #.#
#.#...##.###
#.#####......#.#
###...........##.#
#............###.#
#.#..####.#.(# #.# #
#.#..####.#..###.#
#.##.#@.............#
#.....g#######...####
####g### ##.....##
#....## #.....).##
#.#...####.........###
#........+.....≈≈≈.'..
#.#...####....≈≈≈≈≈###
#g##.## ##..≈≈≈≈≈≈≈#
#.# ## ##...._≈≈≈#


You could see 2 gnolls.

Vanquished Creatures
  An ogre (D:1)
  An adder (D:2)
  5 oozes (D:1)
  3 worms
  A bat (D:2)
  7 giant cockroaches (D:1)
  2 goblins (D:1)
  5 hobgoblins (D:1)
  9 jackals
  4 frilled lizards (D:1)
  3 kobolds
  5 rats (D:1)
46 creatures vanquished.

Notes
Turn   | Place    | Note
-------+----------+-------------------------------------------
     0 | D:1      | Borgoz the Ghoul Gladiator began the quest for the Orb.
     0 | D:1      | Reached XP level 1. HP: 17/17 MP: 0/0
     1 | D:1      | Found a runed translucent door.
    41 | D:1      | Reached XP level 2. HP: 24/24 MP: 1/1
   571 | D:1      | Reached XP level 3. HP: 27/30 MP: 2/2
   608 | D:1      | Reached skill level 1 in Armour
   872 | D:1      | Reached XP level 4. HP: 32/37 MP: 3/3
  1154 | D:2      | Found an ancient bone altar of Kikubaaqudgha.
  1465 | D:2      | Noticed an ogre
  1505 | D:1      | Killed an ogre
  1506 | D:1      | Reached XP level 5. HP: 30/45 MP: 4/4
  1671 | D:2      | HP: 1/45 [gnoll/+0 halberd (7)]
  1673 | D:2      | Slain by a gnoll

Illustrated notes

Levels and vault maps discovered:
D:1:      dpeg_arrival_caged_fury, layout_rooms
D:2:      layout_loops_corners, general_overflow_altar, lemuel_altar_in_water2

Skill      XL: |  1  2  3  4 |
---------------+-------------+-----
Long Blades    | 3 |  3.8
Dodging        | 3 |  3.8
Armour         | 1 |  1.5
Fighting       | 3 |  3.1
Throwing       | |  1.7

Action                   |  1- 3 |  4- 6 || total
-------------------------+-------+-------++-------
Melee: Long sword        |    99 |    47 ||   146
Throw: Throwing net      |       |     1 ||     1
  Use: Potion            |     2 |     2 ||     4
 Stab: Held in net/web   |       |     1 ||     1
Armor: Leather armour    |    48 |     8 ||    56
Dodge: Dodged            |    91 |    44 ||   135
       Rpst.: Long sword |    28 |    16 ||    44
